Map: Echo LE (Void)

Players

RavenKing

  • Race: Terran Terran
  • League: Grandmaster

Javert - Winner!

  • Race: Zerg Zerg
  • League: Grandmaster

VOD

Have the link to the VOD?

Description

Time

  • Played on: June 14, 2015, 7:15 p.m.
  • Length: 5:51
Show
View Real Time Build Order
Export as new Build Order

RavenKing Terran 

Build Orders:  

Get SALT Encoding   

  12  0:01  SCV  
  13  0:18  Supply Depot, SCV  
  14  0:31  SCV  
  15  0:50  Barracks  
  15  0:51  SCV  
  16  1:00  Refinery  
  16  1:03  SCV  
  17  1:08  Refinery  
  17  1:15  SCV  
  18  1:28  SCV  
  19  1:38  Marine  
  20  1:40  SCV  
  21  1:47  Command Center  
  21  1:56  Orbital Command  
  21  2:05  Factory  
  21  2:20  Barracks Tech Lab  
  21  2:24  SCV  
  22  2:36  SCV  
  23  2:55  Starport  
  23  2:59  SCV  
  23  3:04  Cyclone  
  27  3:07  Orbital Command  
  27  3:11  SCV  
  28  3:23  SCV  
  28  3:35  SCV  
  27  3:45  Cyclone  
  27  3:47  SCV  
  31  4:03  SCV  
  31  4:04  SCV  
  31  4:05  Medivac  
  35  4:15  SCV  
  35  4:16  SCV  
  32  4:28  SCV  
  32  4:29  SCV  
  31  4:33  Hellion  
  32  4:40  SCV  
  32  4:41  SCV  
  32  4:42  Marine  
  35  4:53  SCV x2  
  37  5:00  Marine  
  37  5:05  SCV  
  37  5:06  SCV  
  37  5:15  Hellion  
  37  5:20  SCV  
Show
View Real Time Build Order
Export as new Build Order

Javert Zerg - Winner!

Build Orders: Hatch First 

Get SALT Encoding   

  12  0:01  Drone  
  13  0:12  Overlord  
  13  0:19  Drone  
  14  0:32  Drone x2  
  16  0:38  Drone  
  17  0:54  Hatchery  
  16  1:01  Extractor  
  15  1:11  Spawning Pool  
  15  1:12  Drone  
  15  1:17  Drone x2  
  17  1:27  Drone  
  18  1:34  Drone  
  19  1:46  Drone  
  20  1:55  Overlord  
  20  2:01  Queen  
  20  2:04  Metabolic Boost  
  20  2:06  Queen  
  24  2:12  Zergling x4  
  26  2:21  Zergling x4  
  29  2:30  Zergling x4  
  30  2:49  Drone x3  
  33  2:56  Drone  
  34  3:10  Drone x2  
  36  3:21  Overlord x2  
  36  3:40  Zergling x14  
  39  4:02  Zergling x4  
  39  4:03  Zergling x12  
  39  4:07  Overlord  
  44  4:21  Drone x3  
  46  4:25  Hatchery  
  46  4:28  Zergling x16  
  51  4:38  Zergling x4  
  51  4:50  Drone x2  
  52  4:53  Lair  
  52  4:54  Extractor  
  50  5:00  Zergling x4  
  50  5:14  Zergling x16  
  55  5:25  Drone x2  
Tags
 
Add a new tag
Caveats
  • Supply blocks, unpowered buildings, or Contaminate may cause inaccurate times.
  • Supply counts are checked every 10 seconds.